[Event "*** Titled Tuesday Blitz"]
[Site "Chess.com"]
[Date "2020.04.28"]
[Round "6"]
[White "crazy_but_lazy"]
[Black "AustrianFalcon"]
[Result "0-1"]
[WhiteElo "2353"]
[BlackElo "2564"]
[TimeControl "180+1"]
[EndTime "11:05:05 PDT"]
[Termination "AustrianFalcon won by resignation"]

1. e4 g6 2. d4 Bg7 3. Nc3 d6 4. Be3 a6 5. Qd2 b5 6. h4 h5 7.
O-O-O Bb7 8. Bd3 Nd7 9. Nf3 c5 10. e5 cxd4 11. e6 Bxf3 12. gxf3 dxc3 13. exd7+ Qxd7 14. Qe2 cxb2+ 15. Kb1 Nf6 16. Bd4 O-O 17. f4 Qg4 18.
Qxe7 Qxf4 19. Bxb2 Qb4 20. a3 Qxb2+ 21. Kxb2 Nd5+ 0-1

[Event "*** Titled Tuesday Blitz"]
[Site "Chess.com"]
[Date "2020.04.28"]
[Round "6"]
[White "Andrii_Prydun"]
[Black "GM4life"]
[Result "1-0"]
[WhiteElo "2342"]
[BlackElo "2174"]
[TimeControl "180+1"]
[EndTime "11:05:05 PDT"]
[Termination "Andrii_Prydun won by checkmate"]

1. d4 Nf6 2. Nc3 d5 3. Bf4 Bf5 4. e3 e6 5. Nf3 Bd6 6. Ne5 O-O 7. Bd3 Bxd3 8. cxd3 c5 9. dxc5 Bxc5 10.
d4 Bd6 11. O-O Nc6 12. Nxc6 bxc6 13. Bxd6 Qxd6 14. Na4 e5 15. Rc1 Rab8 16. b3 Rfe8 17. Rc2 exd4 18. Qxd4 Rb4 19. Qxa7 Rh4 20. g3 Ng4 21.
Qc5 Qe5 22. Qd4 Qf5 23. gxh4 Ne5 24. f4 Ng6 25. Rg2 Nxh4 26. Qxg7# 1-0

[Event "*** Titled Tuesday Blitz"]
[Site "Chess.com"]
[Date "2020.04.28"]
[Round "6"]
[White "Lestofante90"]
[Black "Bulldog167"]
[Result "0-1"]
[WhiteElo "2660"]
[BlackElo "2810"]
[TimeControl "180+1"]
[EndTime "11:05:06 PDT"]
[Termination "Bulldog167 won on time"]

1. d4 Nf6 2. c4 e6 3. g3 d5 4.
Nf3 Be7 5. Bg2 O-O 6. Nc3 c6 7. O-O b6 8. Ne5 Bb7 9. e4 Nbd7 10. exd5 cxd5 11. Bf4 Rc8 12. Re1 Ba8 13. cxd5 Nxd5 14.
Nxd5 Bxd5 15. Bxd5 exd5 16. Qa4 Nxe5 17. Bxe5 a5 18. Qb5 Bb4 19. Re3 f6 20. Bf4 g5 0-1

[Event "*** Titled Tuesday Blitz"]
[Site "Chess.com"]
[Date "2020.04.28"]
[Round "6"]
[White "annacramling"]
[Black "BakaPG"]
[Result "0-1"]
[WhiteElo "1939"]
[BlackElo "2682"]
[TimeControl "180+1"]
[EndTime "11:05:06 PDT"]
[Termination "BakaPG won on time"]

1. d4 c5 2. d5 e5 3. c4 d6 4. Nc3 Be7 5. g3 Bg5 6. e4 Bxc1 7. Qxc1 Ne7 8. Bg2 O-O 9. Nge2 f5 10. O-O f4 11. gxf4 exf4 12. Nxf4 Na6 13. Qd2 Nc7 14.
Rad1 Qe8 15. Kh1 Qf7 16. Ne6 Bxe6 17. dxe6 Nxe6 18. Qxd6 Nf4 19. Nd5 Nexd5 20. cxd5 Rad8 21. Qe5 Nxg2 22. Kxg2 Qf3+ 23. Kg1 Rf4 24. Qe6+ Kh8 25. h3 Rxe4 0-1

[Event "*** Titled Tuesday Blitz"]
[Site "Chess.com"]
[Date "2020.04.28"]
[Round "6"]
[White "EddieMarsalla"]
[Black "garicradomir"]
[Result "0-1"]
[WhiteElo "2535"]
[BlackElo "2370"]
[TimeControl "180+1"]
[EndTime "11:05:07 PDT"]
[Termination "garicradomir won by resignation"]

1. d4 Nf6 2. Bg5 Ne4 3. Bf4 c5 4. e3 Qb6 5. Nc3 Nxc3 6. bxc3 g6 7. Bd3 Bg7 8. Ne2 O-O 9. O-O d6 10. Rb1 Qc7 11. Qd2 b6 12. Be4 Nc6 13. Bg3 Bg4 14. h3 Bxe2 15. Qxe2 cxd4 16. cxd4 Rac8 17. c4 Na5 18. c5 bxc5 19. Rfc1 c4 20. f4 Rb8 21.
Be1 Rxb1 22. Rxb1 e6 23. d5 c3 24. Qb5 Nc4 25. Rc1 Nxe3 26. Bxc3 Bxc3 27. Qd3 Nxd5 28. Bxd5 Bd4+ 0-1

[Event "*** Titled Tuesday Blitz"]
[Site "Chess.com"]
[Date "2020.04.28"]
[Round "6"]
[White "yamalchess"]
[Black "Aureliano-Buendia"]
[Result "1-0"]
[WhiteElo "2589"]
[BlackElo "2425"]
[TimeControl "180+1"]
[EndTime "11:05:08 PDT"]
[Termination "yamalchess won by checkmate"]

1. d4 d5 2. c4 e5 3. dxe5 d4 4. Nf3 Nc6 5. a3 Be6 6. Qa4 Qd7 7.
Nbd2 O-O-O 8. b4 Kb8 9. b5 Nce7 10. Bb2 Nf5 11. g4 Nfe7 12. Bxd4 Nc8 13. e3 Bxg4 14.
Bg2 Nge7 15. h3 Bf5 16. c5 Qe6 17. Ng5 Qg6 18. c6 Qxg5 19. Bf3 Nb6 20. Bxb6 cxb6 21.
c7+ Kxc7 22. Qxa7 Nc8 23. Qxb7# 1-0

[Event "*** Titled Tuesday Blitz"]
[Site "Chess.com"]
[Date "2020.04.28"]
[Round "6"]
[White "vizumatv4hoda"]
[Black "Msb2"]
[Result "0-1"]
[WhiteElo "2763"]
[BlackElo "3015"]
[TimeControl "180+1"]
[EndTime "11:05:12 PDT"]
[Termination "Msb2 won by checkmate"]

1. e4 e6 2. d4 d5 3. exd5 exd5 4.
c4 Bb4+ 5. Nc3 Ne7 6. Nf3 O-O 7. Bd3 dxc4 8. Bxc4 Nbc6 9. h3 Nf5 10. d5 Re8+ 11. Be2 Nce7 12. g4 Nxd5 13. gxf5 Nxc3 14. Qxd8 Nxe2+ 15. Bd2 Rxd8 16. Bxb4 Nf4 17. Bc3 Bxf5 18. Nd4 Bg6 19.
Rd1 c5 20. Nb5 Re8+ 21. Kf1 Bh5 22. Re1 Rxe1+ 23. Kxe1 Re8+ 24. Kd2 Re2+ 25. Kc1 Bg6 26. Kd1 Bc2+ 27. Kc1 Nd3# 0-1

[Event "*** Titled Tuesday Blitz"]
[Site "Chess.com"]
[Date "2020.04.28"]
[Round "6"]
[White "grzechu96"]
[Black "aa175"]
[Result "1-0"]
[WhiteElo "2603"]
[BlackElo "2454"]
[TimeControl "180+1"]
[EndTime "11:05:14 PDT"]
[Termination "grzechu96 won by resignation"]

1. e4 c5 2. Nf3 d6 3. d4 cxd4 4.
Nxd4 Nf6 5. Nc3 a6 6. h3 e6 7.
g4 Be7 8. g5 Nfd7 9. h4 Qc7 10.
Rh3 Nc6 11. Be3 b5 12. Nxc6 Qxc6 13. Qd4 O-O 14. O-O-O Nc5 15. f4 e5 16. Qd5 Qc7 17.
Qxa8 Bxh3 18. Nd5 Rxa8 19. Nxc7 Ra7 20. fxe5 Rxc7 21. exd6 Bxd6 22. Rxd6 Nb7 23. Rxa6 Bxf1 24. Ra8+ 1-0

[Event "*** Titled Tuesday Blitz"]
[Site "Chess.com"]
[Date "2020.04.28"]
[Round "6"]
[White "SiddharthGMJagadeesh"]
[Black "Chessterra87"]
[Result "0-1"]
[WhiteElo "2470"]
[BlackElo "2322"]
[TimeControl "180+1"]
[EndTime "11:05:15 PDT"]
[Termination "Chessterra87 won by resignation"]

1. e4 c5 2. Nf3 e6 3. d4 cxd4 4. Nxd4 a6 5. Bd3 Nf6 6. O-O d6 7. c4 b6 8. Nc3 Bb7 9. Qe2 Nbd7 10. Rd1 Qc7 11. f4 g6 12. Nf3 Bg7 13. b3 Ng4 14. Bd2 Qc5+ 15. Kf1 O-O 16. Rac1 Qh5 17. h3 Ngf6 18.
Bb1 b5 19. cxb5 axb5 20. Qxb5 Ba6 0-1

[Event "*** Titled Tuesday Blitz"]
[Site "Chess.com"]
[Date "2020.04.28"]
[Round "6"]
[White "MathiasWomacka"]
[Black "Lunow"]
[Result "1/2-1/2"]
[WhiteElo "2429"]
[BlackElo "2212"]
[TimeControl "180+1"]
[EndTime "11:05:19 PDT"]
[Termination "Game drawn by repetition"]

1. e4 c5 2. Nf3 d6 3. d4 cxd4 4.
Nxd4 Nf6 5. Nc3 a6 6. Be2 e6 7. O-O Be7 8. f4 O-O 9. Kh1 Qc7 10. Qe1 b5 11. Bf3 Bb7 12. e5 Ne8 13. f5 dxe5 14. fxe6 Bxf3 15. exf7+ Rxf7 16. Nxf3 Nc6 17. Be3 Rd8 18. Bg1 Nd6 19. Nd5 Qb7 20. Nxe7+ Qxe7 21. Bc5 e4 22. Nd2 Rxf1+ 23. Qxf1 Qe5 24. Nb3 Nc4 25. Rd1 Rxd1 26. Qxd1 e3 27. c3 e2 28. Qe1 Nxb2 29. Bd4 Qe4 30. Nc1 Nxd4 31. cxd4 Qe3 32.
Nxe2 Nd3 33. Qf1 Nf2+ 34. Kg1 Ne4+ 35. Kh1 Nf2+ 36. Kg1 Ne4+ 37. Kh1 Nf2+ 1/2-1/2

[Event "*** Titled Tuesday Blitz"]
[Site "Chess.com"]
[Date "2020.04.28"]
[Round "6"]
[White "levallem"]
[Black "BillCoe"]
[Result "1-0"]
[WhiteElo "2211"]
[BlackElo "2055"]
[TimeControl "180+1"]
[EndTime "11:05:19 PDT"]
[Termination "levallem won by resignation"]

1. d4 f5 2. c4 Nf6 3. Nc3 e6 4.
Bg5 Be7 5. Nf3 O-O 6. g3 d6 7. Bg2 Qe8 8. O-O Ne4 9. Bxe7 Qxe7 10. Qd3 Nxc3 11. Qxc3 c6 12. Rfe1 Nd7 13. Rac1 e5 14. dxe5 dxe5 15. e3 Qf6 16. Rcd1 Re8 17. Rd2 Nf8 18.
Red1 Ng6 19. Rd6 Re6 20. Rd8+ Kf7 21. h4 h6 22. Qb4 Re7 23. R1d6 Re6 24. h5 Nf8 25.
Rxf8+ Kxf8 26. Rxe6+ Kf7 27. Rxf6+ Kxf6 28. Qd6+ 1-0

[Event "*** Titled Tuesday Blitz"]
[Site "Chess.com"]
[Date "2020.04.28"]
[Round "6"]
[White "TigrVShlyape"]
[Black "Stormeman100100"]
[Result "1-0"]
[WhiteElo "2830"]
[BlackElo "2515"]
[TimeControl "180+1"]
[EndTime "11:05:20 PDT"]
[Termination "TigrVShlyape won by resignation"]

1. d4 d5 2. Nf3 Nf6 3. Bf4 e6 4. e3 Bd6 5. Bg3 O-O 6. Nbd2 b6 7.
c3 c5 8. Ne5 Qc7 9. Bd3 Ba6 10.
Bxa6 Nxa6 11. O-O Nb8 12. Qe2 Nc6 13. f4 Ne7 14. Bh4 Nf5 15. Bxf6 gxf6 16. Ng4 Be7 17. e4 dxe4 18. Nxe4 Kg7 19. Ngxf6 Qd8 20. Nh5+ Kh8 21.
dxc5 bxc5 22. Rad1 Qb6 23. Nhf6 c4+ 24. Kh1 Bxf6 25.
Nxf6 Kg7 26. Qg4+ Kh8 27. Qh5 h6 28. Nd7 Qxb2 29. Nxf8 Rxf8 30. Qh3 Qxa2 31. g4 Ne7 32. Qxh6+ Kg8 33. Qg5+ Ng6 34. f5 Kg7 35. fxg6 f6 36. Rd7+ 1-0

[Event "*** Titled Tuesday Blitz"]
[Site "Chess.com"]
[Date "2020.04.28"]
[Round "6"]
[White "plumalka"]
[Black "AniJak"]
[Result "1-0"]
[WhiteElo "2439"]
[BlackElo "2256"]
[TimeControl "180+1"]
[EndTime "11:05:21 PDT"]
[Termination "plumalka won by resignation"]

1. e4 c6 2. d4 d5 3. e5 Bf5 4. c4 e6 5. Nc3 dxc4 6. Bxc4 Bb4 7. Ne2 Ne7 8. O-O h6 9. Ng3 Bh7 10. Qg4 O-O 11. Bxh6 Ng6 12. Be3 c5 13. a3 Ba5 14.
Rad1 cxd4 15. Bxd4 Qc7 16. Bd3 Nc6 17. Rfe1 Rfd8 18.
Nb5 Qe7 19. b4 Bc7 20. Bc5 Qd7 21. Bxg6 1-0

[Event "*** Titled Tuesday Blitz"]
[Site "Chess.com"]
[Date "2020.04.28"]
[Round "6"]
[White "andy_rekt"]
[Black "otrov-11"]
[Result "0-1"]
[WhiteElo "2198"]
[BlackElo "2372"]
[TimeControl "180+1"]
[EndTime "11:05:21 PDT"]
[Termination "otrov-11 won by resignation"]

1. d4 Nf6 2. c4 g6 3. Nc3 Bg7 4. e4 d6 5. Nge2 O-O 6. Ng3 e5 7. d5 h5 8. h4 Nh7 9. Be2 Nd7 10. Bxh5 gxh5 11. Nxh5 Ndf6 12. Bg5 Qe8 13. Nxg7 Kxg7 14.
Qd2 Kh8 15. O-O-O a6 16. Rdf1 b5 17. f4 Ng4 18. fxe5 dxe5 19. d6 cxd6 20. Qxd6 Be6 21. c5 f6 22. Bd2 Qd7 23. Nd5 Qxd6 24. cxd6 Bxd5 25. exd5 Rfd8 26. Bb4 a5 0-1

[Event "*** Titled Tuesday Blitz"]
[Site "Chess.com"]
[Date "2020.04.28"]
[Round "6"]
[White "dvella"]
[Black "kinga2008"]
[Result "0-1"]
[WhiteElo "1798"]
[BlackElo "2101"]
[TimeControl "180+1"]
[EndTime "11:05:24 PDT"]
[Termination "kinga2008 won by checkmate"]

1. e4 g6 2. d4 Bg7 3. Nc3 d6 4.
Be3 Nf6 5. h3 O-O 6. Nf3 Nbd7 7.
Bc4 e5 8. O-O c5 9. dxe5 dxe5 10.
Qe2 a6 11. a4 Qc7 12. Rad1 Nb6 13. Ba2 Be6 14. Bxe6 fxe6 15. Ng5 Qc6 16. a5 Nbd7 17. b3 h6 18. Nf3 Rfd8 19. Na4 Nxe4 20. Rxd7 Rxd7 21.
Nb6 Rad8 22. Nxd7 Rxd7 23. Bxh6 Nc3 24. Qe3 Nd5 25. Qc1 Bxh6 26. Qxh6 Nf4 27. Nxe5 Qxg2# 0-1

[Event "*** Titled Tuesday Blitz"]
[Site "Chess.com"]
[Date "2020.04.28"]
[Round "6"]
[White "Volovier"]
[Black "louis198"]
[Result "1-0"]
[WhiteElo "2624"]
[BlackElo "2467"]
[TimeControl "180+1"]
[EndTime "11:05:25 PDT"]
[Termination "Volovier won by resignation"]

1. d4 Nf6 2. c4 c5 3. d5 b5 4. cxb5 a6 5. b6 d6 6. Nc3 Nbd7 7. a4 Qxb6 8. e4 g6 9. a5 Qb8 10. Nf3 Bg7 11. Be2 O-O 12. O-O Ra7 13. Qc2 h6 14. Bf4 Rb7 15. Rab1 Rb4 16. Nd2 e5 17.
dxe6 fxe6 18. Nc4 e5 19. Be3 Ng4 20. Bxg4 h5 21. Bxd7 Bxd7 22. Nd5 Ba4 23. Qd3 Rb3 24. Nc3 Bb5 25. Qd5+ Kh7 26. Nxb5 Qxb5 27. Qxd6 Qxc4 28. Bxc5 Rf6 29. Qd5 Qb5 30. Rfd1 Rxb2 31. Rxb2 Qxb2 32. h3 Rf4 33. Be3 Rf8 34. Qe6 Qe2 35. Rd7 Qe1+ 36. Kh2 Qxa5 37. Qe7 Rg8 38. Qg5 Kh8 39. Qxg6 1-0

[Event "*** Titled Tuesday Blitz"]
[Site "Chess.com"]
[Date "2020.04.28"]
[Round "6"]
[White "temus_galaktionov"]
[Black "Anton_Demchenko"]
[Result "1-0"]
[WhiteElo "2780"]
[BlackElo "2851"]
[TimeControl "180+1"]
[EndTime "11:05:26 PDT"]
[Termination "temus_galaktionov won by resignation"]

1. d4 Nf6 2. Nf3 d6 3. c4 Nc6 4. Nc3 e5 5. e4 Bg4 6. d5 Nd4 7. Be2 Nxe2 8. Qxe2 Be7 9. h3 Bd7 10. O-O O-O 11. Ne1 Ne8 12. f4 exf4 13. Bxf4 Bf6 14.
e5 dxe5 15. Bxe5 Bxe5 16. Qxe5 Nd6 17. c5 f6 18. Qf4 Nf7 19. Nd3 Re8 20. Rae1 a6 21.
Rxe8+ Bxe8 22. Re1 Bb5 23. Nxb5 axb5 24. Qe4 Ng5 25. Qd4 Ra4 26. b4 Rxa2 27. d6 Ra8 28.
d7 Qf8 29. Qd5+ Nf7 30. Qxb7 Rd8 31. Qc6 Ne5 32. Nxe5 fxe5 33. Rxe5 Kf7 1-0

[Event "*** Titled Tuesday Blitz"]
[Site "Chess.com"]
[Date "2020.04.28"]
[Round "6"]
[White "dcann0n88"]
[Black "Chess_Boxer123"]
[Result "0-1"]
[WhiteElo "2397"]
[BlackElo "2570"]
[TimeControl "180+1"]
[EndTime "11:05:26 PDT"]
[Termination "Chess_Boxer123 won by resignation"]

1. e4 c5 2. Nf3 Nc6 3. d4 cxd4 4. Nxd4 Nf6 5. Nc3 e5 6. Ndb5 d6 7. Bg5 a6 8. Na3 b5 9. Nd5 Be7 10. Bxf6 Bxf6 11. c3 O-O 12. Nc2 Rb8 13. h4 g6 14.
Nxf6+ Qxf6 15. Ne3 Ne7 16. Qd2 h5 17. a4 Bb7 18.
axb5 axb5 19. f3 Rfd8 20. Bxb5 d5 21. Rd1 Kg7 22. exd5 Nxd5 23. Nxd5 Bxd5 24. Bd3 e4 25. O-O exd3 26. Qxd3 Bb3 0-1

[Event "*** Titled Tuesday Blitz"]
[Site "Chess.com"]
[Date "2020.04.28"]
[Round "6"]
[White "isla88"]
[Black "MisiekZielony"]
[Result "1-0"]
[WhiteElo "2317"]
[BlackElo "2114"]
[TimeControl "180+1"]
[EndTime "11:05:27 PDT"]
[Termination "isla88 won on time"]

1. d4 d5 2. Nc3 c6 3. Bf4 Nf6 4. e3 g6 5. h4 Bg7 6. h5 Nxh5 7.
Rxh5 gxh5 8. Qxh5 Nd7 9. Qh2 e5 10. dxe5 Qe7 11. Nf3 Nc5 12. O-O-O Bg4 13. Be2 Ne6 14.
Bg3 h6 15. Bh4 Qb4 16. a3 Qa5 17. Qg3 h5 18. Nd4 Bf8 19. Bxg4 hxg4 20. Nxe6 fxe6 21. Qxg4 Kd7 22. e4 Re8 23. exd5 Kc8 24. dxe6 Bh6+ 25. Kb1 Qxe5 26. e7+ 1-0

[Event "*** Titled Tuesday Blitz"]
[Site "Chess.com"]
[Date "2020.04.28"]
[Round "6"]
[White "Yuri202062"]
[Black "CalinGheorghiu"]
[Result "1-0"]
[WhiteElo "2554"]
[BlackElo "2335"]
[TimeControl "180+1"]
[EndTime "11:05:28 PDT"]
[Termination "Yuri202062 won by checkmate"]

1. d4 Nf6 2. c4 e6 3. Nc3 Bb4 4. e3 O-O 5. Bd3 d5 6. cxd5 exd5 7.
Ne2 a6 8. O-O Re8 9. f3 Nbd7 10.
Bd2 c5 11. a3 Ba5 12. Rc1 Bc7 13. Bb1 b6 14. dxc5 bxc5 15. b4 cxb4 16. axb4 Bb6 17. Nd4 Ne5 18. Na4 Ba7 19. Ba2 Bb7 20. Nc5 Qb6 21. Kh1 Rac8 22. Qa4 Bc6 23. Nxc6 Rxc6 24. Bc3 Nc4 25. Bxf6 Rxf6 26. Qxe8# 1-0

[Event "*** Titled Tuesday Blitz"]
[Site "Chess.com"]
[Date "2020.04.28"]
[Round "6"]
[White "Justinz"]
[Black "INLOVEWITHF"]
[Result "1-0"]
[WhiteElo "2264"]
[BlackElo "2523"]
[TimeControl "180+1"]
[EndTime "11:05:28 PDT"]
[Termination "Justinz won by resignation"]

1. e4 e5 2. Nf3 Nc6 3. Nc3 Nf6 4.
Bb5 Nd4 5. Ba4 c6 6. O-O d6 7. h3 Be7 8. d3 b5 9. Bb3 Nxb3 10. axb3 O-O 11. d4 Nd7 12. d5 Bb7 13. dxc6 Bxc6 14. b4 Nb6 15. Qd3 Qd7 16. Rd1 Rfd8 17. b3 Qe6 18.
Be3 h6 19. Rxa7 Rxa7 20. Bxb6 Raa8 21. Bxd8 Rxd8 22. Nh2 f5 23. exf5 Qf7 24. Ng4 Bg5 25. Nd5 Rf8 26. Nge3 Qb7 27. c4 bxc4 28. Qxc4 Re8 29.
Nf6+ 1-0

[Event "*** Titled Tuesday Blitz"]
[Site "Chess.com"]
[Date "2020.04.28"]
[Round "6"]
[White "Milchone1"]
[Black "DanielTitichoca"]
[Result "1-0"]
[WhiteElo "2499"]
[BlackElo "2326"]
[TimeControl "180+1"]
[EndTime "11:05:30 PDT"]
[Termination "Milchone1 won by resignation"]

1. Nf3 g6 2. c4 Bg7 3. d4 d6 4. Nc3 Nf6 5. e4 O-O 6. h3 c5 7. d5 e6 8. Bd3 exd5 9. exd5 Re8+ 10. Kf1 Na6 11. g4 Nc7 12. a4 b6 13. Kg2 a6 14.
Bg5 h6 15. Bf4 Nh7 16. Qd2 g5 17. Bg3 Bb7 18. Bxh7+ Kxh7 19. Qd3+ Kg8 20. h4 gxh4 21. Nxh4 Qg5 22. Nf5 Qxg4 23. Rh4 Qg5 24. Nxg7 Kxg7 25. Rah1 Rh8 26. Ne4 Qg6 27. Qc3+ f6 28. Nxd6 Nxd5 29. cxd5 Bxd5+ 30. f3 Rad8 31. Ne4 Rd7 32. Kf2 Rhd8 33. Nxf6 Bxf3 34. Nxd7+ 1-0

[Event "*** Titled Tuesday Blitz"]
[Site "Chess.com"]
[Date "2020.04.28"]
[Round "6"]
[White "stoleriu"]
[Black "lifeissofun"]
[Result "1-0"]
[WhiteElo "2543"]
[BlackElo "2347"]
[TimeControl "180+1"]
[EndTime "11:05:30 PDT"]
[Termination "stoleriu won by resignation"]

1. e4 c5 2. Nf3 d6 3. Bb5+ Nd7 4.
d4 cxd4 5. Qxd4 a6 6. Bxd7+ Bxd7 7. O-O Nf6 8. Bg5 e5 9. Qd3 Qb6 10. b3 Be7 11. Bxf6 Bxf6 12. c4 O-O 13. Nc3 Be6 14. Rfd1 Be7 15. Ne1 f5 16. Nc2 fxe4 17. Nxe4 Rad8 18.
Ne3 Rf4 19. Nd5 Bxd5 20. Qxd5+ Kh8 21. c5 dxc5 22. Qxe5 Rf7 23. Rxd8+ Qxd8 24. Re1 h6 25. h3 Qf8 26. Rd1 Rf5 27. Qg3 b5 28. Rd7 Qe8 29.
Rb7 Qf7 30. Nd6 Bxd6 31. Rxf7 Bxg3 32. Rxf5 Bd6 33. Rd5 Be7 34. Re5 Bf6 35. Rxc5 Kh7 36. Rc6 a5 37. Rc5 b4 38. Rxa5 Bc3 39. a4 Kg6 40. Rb5 Kf6 41. a5 Ke6 42. a6 Kd6 1-0

[Event "*** Titled Tuesday Blitz"]
[Site "Chess.com"]
[Date "2020.04.28"]
[Round "6"]
[White "giantslayer83"]
[Black "FightingChess"]
[Result "1-0"]
[WhiteElo "2680"]
[BlackElo "2363"]
[TimeControl "180+1"]
[EndTime "11:05:35 PDT"]
[Termination "giantslayer83 won by resignation"]

1. d4 d5 2. Bf4 Nf6 3. e3 c6 4.
c3 Bf5 5. Bd3 Bxd3 6. Qxd3 e6 7.
Nd2 Be7 8. Ngf3 Nbd7 9. g4 Nxg4 10. Rg1 f5 11. h3 Ngf6 12. Rxg7 Ne4 13. Ne5 Nxe5 14. Bxe5 Bf6 15. Bxf6 Qxf6 16. Rxb7 O-O 17. Nf3 Rab8 18. Rxb8 Rxb8 19. Qe2 Qh6 20. h4 f4 21.
O-O-O fxe3 22. Qxe3 Qxe3+ 23. fxe3 Rf8 24. Rg1+ Kh8 25.
Ne5 c5 26. h5 c4 27. h6 Nd6 28. Rg7 Rf1+ 29. Kc2 Rf2+ 30. Kd1 Rh2 31. Rd7 Rh1+ 32. Ke2 Rh2+ 33. Kf1 Ne8 34. Rd8 1-0

[Event "*** Titled Tuesday Blitz"]
[Site "Chess.com"]
[Date "2020.04.28"]
[Round "6"]
[White "annamaja"]
[Black "Lion-Al-Messi"]
[Result "0-1"]
[WhiteElo "2225"]
[BlackElo "2433"]
[TimeControl "180+1"]
[EndTime "11:05:35 PDT"]
[Termination "Lion-Al-Messi won by resignation"]

1. e4 b6 2. d4 Bb7 3. Nc3 e6 4. g3 Bb4 5. Bg2 Nf6 6. Qd3 O-O 7. Ne2 d6 8. O-O Nbd7 9. Nd1 d5 10. e5 Ne8 11. f4 f5 12. exf6 Nexf6 13. Bh3 Qe7 14. c3 Bd6 15. Nf2 c5 16. Bd2 Rae8 17. Rae1 Qf7 18.
g4 Ne4 19. Nxe4 dxe4 20. Qe3 cxd4 21. Nxd4 Nf6 22. g5 Nd5 23. Qg3 e3 24. Bxe3 Nxe3 25.
Qxe3 Bxf4 26. Qd3 e5 27. Nf3 e4 28. Qc2 exf3 29. Rxe8 Rxe8 30. Bf5 Be3+ 31. Kh1 f2+ 0-1

[Event "*** Titled Tuesday Blitz"]
[Site "Chess.com"]
[Date "2020.04.28"]
[Round "6"]
[White "chessuriel"]
[Black "Soltan49"]
[Result "0-1"]
[WhiteElo "2218"]
[BlackElo "2425"]
[TimeControl "180+1"]
[EndTime "11:05:35 PDT"]
[Termination "Soltan49 won by resignation"]

1. e4 c6 2. Nf3 d5 3. exd5 cxd5 4. Ne5 Nf6 5. d4 g6 6. Bd3 Bg7 7. O-O O-O 8. f4 Nc6 9. c3 Bf5 10. Be3 Qb6 11. Bxf5 gxf5 12. Qe2 e6 13. Na3 a6 14.
Kh1 Kh8 15. Rg1 Qc7 16. Nc2 Rg8 17. Ne1 Ne4 18. N1f3 Qe7 19. Nxc6 bxc6 20. Ne5 Bxe5 21. dxe5 Qh4 22. g4 Rxg4 23. Rxg4 fxg4 24. Rg1 Rg8 25. Qg2 g3 26. c4 Rg6 27. h3 Nf2+ 0-1

[Event "*** Titled Tuesday Blitz"]
[Site "Chess.com"]
[Date "2020.04.28"]
[Round "6"]
[White "Future2700"]
[Black "Bagirova"]
[Result "0-1"]
[WhiteElo "2390"]
[BlackElo "2224"]
[TimeControl "180+1"]
[EndTime "11:05:36 PDT"]
[Termination "Bagirova won by resignation"]

1. e4 c5 2. Nf3 d6 3. d4 cxd4 4. Nxd4 Nf6 5. Nc3 a6 6. g3 e6 7. Bg2 g6 8. O-O Bg7 9. Be3 Bf8 10. a4 Bg7 11. Re1 O-O 12. a5 Qc7 13. h3 Nc6 14.
Nb3 Nd7 15. Na4 Nce5 16. Nb6 Nxb6 17. Bxb6 Qe7 18. Qe2 Bd7 19. f4 Bb5 20. Qf2 Nc4 21. c3 Nxb6 22. Qxb6 Rac8 23. Nd4 Bc6 24. c4 Qc7 25.
Nxc6 Qxb6+ 26. axb6 Rxc6 27. Rab1 Rxc4 28. Red1 Bd4+ 29.
Kf1 e5 30. Rd2 Rb4 31. b3 Rxb6 32. Ke2 Rc8 33. b4 Rc4 34. b5 Rxb5 35. Rxb5 axb5 36. Rd3 b4 37. Rb3 Rc2+ 38. Kf1 Rf2+ 0-1

[Event "*** Titled Tuesday Blitz"]
[Site "Chess.com"]
[Date "2020.04.28"]
[Round "6"]
[White "Igor_Lysyj"]
[Black "Tayson_7"]
[Result "1/2-1/2"]
[WhiteElo "2793"]
[BlackElo "2646"]
[TimeControl "180+1"]
[EndTime "11:05:37 PDT"]
[Termination "Game drawn by repetition"]

1. d4 Nf6 2. c4 g6 3. Nc3 c5 4. d5 Bg7 5. e4 d6 6. Nf3 O-O 7. Be2 e6 8. O-O exd5 9. exd5 Bf5 10.
Nh4 Bd7 11. h3 Nxd5 12. Nxd5 Qxh4 13. Nc7 Be5 14. Bg4 Qe7 15. Nxa8 Nc6 16. Nc7 Bxg4 17. Nd5 Bxd1 18. Nxe7+ Nxe7 19. Rxd1 Nc6 20. Rb1 Kg7 21. b3 h5 22. Bd2 h4 23. Kf1 b6 24. Bg5 Rh8 25. a3 f6 26. Be3 g5 27. Rd3 a5 28. Rbd1 a4 29. bxa4 Ra8 30. Rxd6 Bxd6 31. Rxd6 Nd4 32. Bxd4 cxd4 33. Rxb6 Rxa4 34. Rb3 Rxc4 35.
Ke1 Rc2 36. Rd3 Ra2 37. Rxd4 Rxa3 38. Ke2 Kg6 39. Rc4 Ra2+ 40. Ke3 Ra3+ 41. Ke2 Ra2+ 42. Ke3 Ra3+ 43. Ke2 1/2-1/2

[Event "*** Titled Tuesday Blitz"]
[Site "Chess.com"]
[Date "2020.04.28"]
[Round "6"]
[White "politeplayer"]
[Black "Dobuchak"]
[Result "1/2-1/2"]
[WhiteElo "2196"]
[BlackElo "2342"]
[TimeControl "180+1"]
[EndTime "11:05:37 PDT"]
[Termination "Game drawn by repetition"]

1. e4 c5 2. Nf3 d6 3. d4 cxd4 4.
Nxd4 Nf6 5. Nc3 a6 6. Bc4 Qc7 7. Bb3 e6 8. f4 Nc6 9. f5 Nxd4 10.
Qxd4 Be7 11. O-O O-O 12. Kh1 b5 13. a4 e5 14. Qd3 b4 15. Nd5 Nxd5 16. Bxd5 Bb7 17.
Bxb7 Qxb7 18. a5 Rac8 19. f6 Bxf6 20. Rxf6 gxf6 21. Bh6 Kh8 22. Qf3 Qe7 23. Bxf8 Rxf8 24. Rf1 Rc8 25. c3 bxc3 26. bxc3 Rb8 27. h3 Rb5 28.
Qxf6+ Qxf6 29. Rxf6 Kg7 30. Rxd6 Rxa5 31. c4 Rc5 32.
Rd5 Rxc4 33. Rxe5 Kg6 34. Kg1 f6 35. Ra5 Rxe4 36. Rxa6 Kg5 37. Kf2 h5 38. Ra5+ f5 39. g3 Rb4 40. Kf3 Rb3+ 41. Kg2 Kf6 42. Ra4 Kg5 43.
Rc4 Rb2+ 44. Kf3 Rb3+ 45. Kg2 Rb2+ 46. Kf3 Rb3+ 47. Kg2 1/2-1/2

[Event "*** Titled Tuesday Blitz"]
[Site "Chess.com"]
[Date "2020.04.28"]
[Round "6"]
[White "Shuvalov"]
[Black "MusicCityMaster"]
[Result "0-1"]
[WhiteElo "2458"]
[BlackElo "2281"]
[TimeControl "180+1"]
[EndTime "11:05:38 PDT"]
[Termination "MusicCityMaster won by checkmate"]

1. Nf3 Nf6 2. c4 c5 3. g3 g6 4. Bg2 Bg7 5. O-O O-O 6. Nc3 Nc6 7.
d4 cxd4 8. Nxd4 Nxd4 9. Qxd4 d6 10. Qh4 Be6 11. Bxb7 Rb8 12. Bf3 Qa5 13. e3 Rfc8 14.
Be2 g5 15. Qd4 Nd5 16. Qd1 Nxc3 17. bxc3 Qxc3 18. Bd2 Qxa1 19. Qxa1 Bxa1 20. Rxa1 Rb2 21. Rd1 Bxc4 22. Bxc4 Rxc4 23. a3 Rcc2 24. Be1 Ra2 25. g4 Rxa3 26. Rb1 f6 27. Kf1 Raa2 28. Kg2 a5 29.
Rb7 Kf7 30. Ra7 a4 31. Kg3 Re2 32. Bb4 Ke6 33. Ba5 Rxf2 34. Bd8 Rg2+ 35. Kf3 Rxh2 36. Rxe7+ Kd5 37. Ra7 Rh3# 0-1

[Event "*** Titled Tuesday Blitz"]
[Site "Chess.com"]
[Date "2020.04.28"]
[Round "6"]
[White "mortngabriel"]
[Black "AlexTriapishko"]
[Result "0-1"]
[WhiteElo "2477"]
[BlackElo "2750"]
[TimeControl "180+1"]
[EndTime "11:05:39 PDT"]
[Termination "AlexTriapishko won on time"]

1. d4 Nf6 2. c4 e6 3. Nf3 d5 4. Nc3 c6 5. e3 Nbd7 6. Bd3 dxc4 7. Bxc4 b5 8. Be2 Bb7 9. O-O a6 10. e4 c5 11. d5 exd5 12. e5 Ne4 13. Nxd5 Nb6 14.
Nxb6 Qxb6 15. Be3 Be7 16. Qc2 O-O 17. Rfd1 Rfd8 18. b4 Qg6 19. bxc5 Nxc5 20. Qxg6 hxg6 21. Rac1 Rxd1+ 22. Rxd1 Rc8 23. h3 Bf8 24. Rc1 Na4 25.
Rxc8 Bxc8 26. Bd4 Be6 27. Nd2 Bxa2 28. f4 Bc5 29. Nf3 Bd5 30. Bxc5 Nxc5 31. Kf2 b4 32. Ke3 a5 33. g4 a4 0-1